Workbook

Sheet Fiche mensuelle salarié A
A1: Fiche horaire mensuelle - Période 1
A2: =[1]Missions!B1 -> 2025 - 2026
A3: Salarié A
A4: SEPTEMBRE
A6: Jour | B6: Volume horaire prévu | C6: M début | D6: M fin | E6: AM début | F6: AM fin | G6: (Autre début) | H6: (Autre fin) | I6: Temps de travail | J6: Vérif' | K6: diff' réel-prévi | L6: Site A Animation périscolaire | M6: Site A Animation extrascolaire | N6: Site B Animation périscolaire | O6: Site B Animation extrascolaire | P6: Site C Animation périscolaire | Q6: Site C Animation extrascolaire | R6: CP exeptionnel | S6: Arrêt de travail | T6: KM
A7: 1 | B7: 0.29166667 | C7: 0.375 | D7: 0.5 | E7: 0.54166667 | F7: 0.70833333 | I7: =SUM(D7-C7,F7-E7,H7-G7) -> 0.29166667 | J7: =SUM(L7:Q7) -> 0.29166667 | K7: =I7-B7 -> 0 | L7: 0.20833333 | N7: 0.041666667 | O7: 0.041666667
A8: 2 | B8: 0.29166667 | C8: 0.375 | D8: 0.52083333 | E8: 0.5625 | F8: 0.70833333 | I8: =SUM(D8-C8,F8-E8,H8-G8) -> 0.29166667 | J8: =SUM(L8:Q8) -> 0.29166667 | K8: =I8-B8 -> 0 | L8: 0.041666667 | M8: 0.083333333 | N8: 0.041666667 | P8: 0.125
A9: 3 | B9: 0.29166667 | C9: 0.375 | D9: 0.5 | E9: 0.54166667 | F9: 0.70833333 | I9: =SUM(D9-C9,F9-E9,H9-G9) -> 0.29166667 | J9: =SUM(L9:Q9) -> 0.29166667 | K9: =I9-B9 -> 0 | L9: 0.125 | N9: 0.10416667 | P9: 0.041666667 | Q9: 0.020833333
A10: 4 | B10: 0.29166667 | C10: 0.375 | D10: 0.5 | E10: 0.54166667 | F10: 0.70833333 | I10: =SUM(D10-C10,F10-E10,H10-G10) -> 0.29166667 | J10: =SUM(L10:Q10) -> 0.29166667 | K10: =I10-B10 -> 0 | N10: 0.29166667
A11: 5 | B11: 0.29166667 | C11: 0.375 | D11: 0.5 | E11: 0.54166667 | F11: 0.70833333 | I11: =SUM(D11-C11,F11-E11,H11-G11) -> 0.29166667 | J11: =SUM(L11:Q11) -> 0.29166667 | K11: =I11-B11 -> 0 | L11: 0.020833333 | N11: 0.020833333 | P11: 0.20833333 | Q11: 0.041666667
A12: 6 | I12: =SUM(D12-C12,F12-E12,H12-G12) -> 0 | J12: =SUM(L12:P12) -> 0 | K12: =I12-B12 -> 0
A13: 7 | I13: =SUM(D13-C13,F13-E13,H13-G13) -> 0 | J13: =SUM(L13:P13) -> 0 | K13: =I13-B13 -> 0
A14: Sous total | B14: =SUM(B7:B13) -> 1.4583333 | I14: =SUM(I7:I13) -> 1.4583333 | J14: =SUM(J7:J13) -> 1.4583333 | K14: =SUM(K7:K13) -> 0 | L14: =SUM(L7:L13) -> 0.39583333 | M14: =SUM(M7:M13) -> 0.083333333 | N14: =SUM(N7:N13) -> 0.5 | O14: =SUM(O7:O13) -> 0.041666667 | P14: =SUM(P7:P13) -> 0.375 | ... T14: =SUM(T7:T13) -> 0
B15: =B14 -> 1.4583333 | I15: =I14 -> 1.4583333
B18: Chaque salarié de la stucture dispose d'un classeur Excel sur lequel il a 12 onglets : un pour chaque mois. Il doit remplir sa fiche horaire en indiquant tous les jours sont heure d'arrivée et de départ du matin, et idem l'après-midi. De plus, les salariés sont amenés à travailler sur différents sites, et nous avons besoin de connaître le temps qu'il consacre à chacun des sites. Il renseigne donc également le temps consacré dans sa journée pour chaque site.

Sheet Fiche mensuelle salarié B
A1: Fiche horaire mensuelle - Période 1
A2: =[1]Missions!B1 -> 2025 - 2026
A3: Salarié B
A4: SEPTEMBRE
A6: Jour | B6: Volume horaire prévu | C6: M début | D6: M fin | E6: AM début | F6: AM fin | G6: (Autre début) | H6: (Autre fin) | I6: Temps de travail | J6: Vérif' | K6: diff' réel-prévi | L6: Site A Animation périscolaire | M6: Site A Animation extrascolaire | N6: Site B Animation périscolaire | O6: Site B Animation extrascolaire | P6: Site C Animation périscolaire | Q6: Site C Animation extrascolaire | R6: CP exeptionnel | S6: Arrêt de travail | T6: KM
A7: 1 | B7: 0.29166667 | C7: 0.375 | D7: 0.5 | E7: 0.54166667 | F7: 0.70833333 | I7: =SUM(D7-C7,F7-E7,H7-G7) -> 0.29166667 | J7: =SUM(L7:Q7) -> 0.29166667 | K7: =I7-B7 -> 0 | L7: 0.16666667 | M7: 0.041666667 | N7: 0.041666667 | O7: 0.041666667
A8: 2 | B8: 0.29166667 | C8: 0.375 | D8: 0.52083333 | E8: 0.5625 | F8: 0.70833333 | I8: =SUM(D8-C8,F8-E8,H8-G8) -> 0.29166667 | J8: =SUM(L8:Q8) -> 0.29166667 | K8: =I8-B8 -> 0 | L8: 0.020833333 | M8: 0.020833333 | N8: 0.020833333 | O8: 0.020833333 | P8: 0.020833333 | Q8: 0.1875
A9: 3 | B9: 0.29166667 | C9: 0.375 | D9: 0.5 | E9: 0.54166667 | F9: 0.70833333 | I9: =SUM(D9-C9,F9-E9,H9-G9) -> 0.29166667 | J9: =SUM(L9:Q9) -> 0.29166667 | K9: =I9-B9 -> 0 | M9: 0.041666667 | N9: 0.16666667 | O9: 0.020833333 | P9: 0.041666667 | Q9: 0.020833333
A10: 4 | B10: 0.29166667 | C10: 0.375 | D10: 0.5 | E10: 0.54166667 | F10: 0.70833333 | I10: =SUM(D10-C10,F10-E10,H10-G10) -> 0.29166667 | J10: =SUM(L10:Q10) -> 0.29166667 | K10: =I10-B10 -> 0 | L10: 0.29166667
A11: 5 | B11: 0.29166667 | C11: 0.375 | D11: 0.5 | E11: 0.54166667 | F11: 0.70833333 | I11: =SUM(D11-C11,F11-E11,H11-G11) -> 0.29166667 | J11: =SUM(L11:Q11) -> 0.29166667 | K11: =I11-B11 -> 0 | L11: 0.020833333 | N11: 0.020833333 | P11: 0.20833333 | Q11: 0.041666667
A12: 6 | I12: =SUM(D12-C12,F12-E12,H12-G12) -> 0 | J12: =SUM(L12:P12) -> 0 | K12: =I12-B12 -> 0
A13: 7 | I13: =SUM(D13-C13,F13-E13,H13-G13) -> 0 | J13: =SUM(L13:P13) -> 0 | K13: =I13-B13 -> 0
A14: Sous total | B14: =SUM(B7:B13) -> 1.4583333 | I14: =SUM(I7:I13) -> 1.4583333 | J14: =SUM(J7:J13) -> 1.4583333 | K14: =SUM(K7:K13) -> 0 | L14: =SUM(L7:L13) -> 0.5 | M14: =SUM(M7:M13) -> 0.10416667 | N14: =SUM(N7:N13) -> 0.25 | O14: =SUM(O7:O13) -> 0.083333333 | P14: =SUM(P7:P13) -> 0.27083333 | ... T14: =SUM(T7:T13) -> 0
B15: =B14 -> 1.4583333 | I15: =I14 -> 1.4583333
B18: Chaque salarié de la stucture dispose d'un classeur Excel sur lequel il a 12 onglets : un pour chaque mois. Il doit remplir sa fiche horaire en indiquant tous les jours sont heure d'arrivée et de départ du matin, et idem l'après-midi. De plus, les salariés sont amenés à travailler sur différents sites, et nous avons besoin de connaître le temps qu'il consacre à chacun des sites. Il renseigne donc également le temps consacré dans sa journée pour chaque site.

Sheet Récap' mensuel par site
A1: Calcul de la masse salariale mensuelle, par site.
A3: Site A | G3: Site B
A4: Nom du salarié | B4: Fonction | C4: Volume mensuel par fonction | D4: Coût horaire | E4: Côut mensuel du salarié par fonction | G4: Nom du salarié | H4: Fonction | I4: Volume mensuel par fonction | J4: Coût horaire | K4: Côut mensuel du salarié par fonction
A5: Salarié A | B5: Animation périscolaire | C5: ='Fiche mensuelle salarié A'!L14 -> 0.39583333 | D5: 11.85 | E5: =C5*D5*24 -> 112.575 | G5: Salarié A | H5: Animation périscolaire | I5: ='Fiche mensuelle salarié A'!N14 -> 0.5 | J5: 11.85 | K5: =I5*J5*24 -> 142.2
B6: Animation extrascolaire | C6: ='Fiche mensuelle salarié A'!M14 -> 0.083333333 | E6: =C6*D5*24 -> 23.7 | H6: Animation extrascolaire | I6: ='Fiche mensuelle salarié A'!O14 -> 0.041666667 | K6: =I6*J5*24 -> 11.85
A7: Salarié B | B7: Animation périscolaire | C7: ='Fiche mensuelle salarié B'!L14 -> 0.5 | D7: 12.08 | E7: =C7*D7*24 -> 144.96 | G7: Salarié B | H7: Animation périscolaire | I7: ='Fiche mensuelle salarié B'!N14 -> 0.25 | J7: 12.08 | K7: =I7*J7*24 -> 72.48
B8: Animation extrascolaire | C8: ='Fiche mensuelle salarié B'!M14 -> 0.10416667 | E8: =C8*D7*24 -> 30.2 | H8: Animation extrascolaire | I8: ='Fiche mensuelle salarié B'!O14 -> 0.083333333 | K8: =I8*J7*24 -> 24.16
A10: Coût salarial mensuel animation périscolaire | E10: =E5+E7 -> 257.535 | G10: Coût salarial mensuel animation périscolaire | K10: =K5+K7 -> 214.68
A11: Coût salarial mensuel animation extrascolaire | E11: =E6+E8 -> 53.9 | G11: Coût salarial mensuel animation extrascolaire | K11: =K6+K8 -> 36.01
A12: Coût salarial mensuel total Site A | E12: =E11+E10 -> 311.435 | G12: Coût salarial mensuel total Site B | K12: =K11+K10 -> 250.69
A15: Site C | G15: Je n'arrive pas à multiplier le "volume mensuel par fonction", qui est au format [h]:mm , avec le coût horaire. Mettre ces formules dans les colonnes "Coût mensuel du salarié par fonction" Ex: =C5*D5*24 soit 112,58€ après avoir mis cette colonne en format monétaire.
A16: Nom du salarié | B16: Fonction | C16: Volume mensuel par fonction | D16: Coût horaire | E16: Côut mensuel du salarié par fonction
A17: Salarié A | B17: Animation périscolaire | C17: ='Fiche mensuelle salarié A'!P14 -> 0.375 | D17: 11.85 | E17: =C17*D17*24 -> 106.65
B18: Animation extrascolaire | C18: ='Fiche mensuelle salarié A'!Q14 -> 0.0625 | E18: =C18*D17*24 -> 17.775
A19: Salarié B | B19: Animation périscolaire | C19: ='Fiche mensuelle salarié B'!P14 -> 0.27083333 | D19: 12.08 | E19: =C19*D19*24 -> 78.52
B20: Animation extrascolaire | C20: ='Fiche mensuelle salarié B'!Q14 -> 0.25 | E20: =C20*D19*24 -> 72.48
A22: Coût salarial mensuel animation périscolaire | E22: =E17+E19 -> 185.17
A23: Coût salarial mensuel animation extrascolaire | E23: =E18+E20 -> 90.255
A24: Coût salarial mensuel total Site C | E24: =E23+E22 -> 275.425

Sheet Suivi budget par site
A1: Site A - suivi budget
A3: Dépenses septembre
A5: 60 | B5: Alimentation | C5: 200 | H5: =((9.5+2)*11.85)+((12+2.5)*12.08)
B6: Matériel | C6: 100
B7: … | C7: 150
B8: Salaire | C8: ='Récap'' mensuel par site'!E12 -> 311.435 | D8: Pour le site A, la masse salariale devrait représenter | H8: =((9.5+2)*11.85)+((12+2.5)*12.08) -> 311.435
A11: TOTAL | C11: =SUM(C5:C8) -> 761.435
